 Dungeon Crawl Stone Soup version 0.27-a0-1312-g5cdb2b3542 (webtiles) character file.

Game seed: 14079261229749724624

1360 urutzu the Cleaver (level 8, -1/71 HPs)
             Began as a Minotaur Gladiator on June 19, 2021.
             Was a Follower of Okawaru.
             Slain by an orc warrior (11 damage)
             ... in a bailey.
             The game lasted 00:19:11 (7531 turns).

urutzu the Cleaver (Minotaur Gladiator)             Turns: 7531, Time: 00:19:11

Health: -1/71      AC: 10    Str: 19    XL:     8   Next: 37%
Magic:  6/8        EV: 15    Int:  7    God:    Okawaru [*.....]
Gold:   343        SH: 11    Dex: 12    Spells: 7/7 levels left

rFire    . . .     SeeInvis .   a - +0 war axe
rCold    . . .     Faith    .   E - +0 kite shield
rNeg     . . .     Spirit   .   B - +0 scale mail
rPois    +         Reflect  .   c - +0 hat
rElec    .         Harm     .   H - +0 cloak
rCorr    .         Rampage  .   (no gloves)
Will     .....                  L - +0 pair of boots
Stlth    +.........             (no amulet)
HPRegen  0.21/turn              D - ring of poison resistance
MPRegen  0.11/turn              l - +4 ring of evasion {=R}

@: heroic
A: horns 2, retaliatory headbutt
a: Renounce Religion, Heroism


You were in a bailey.
You worshipped Okawaru.
Okawaru was aware of your devotion.
You visited 2 branches of the dungeon, and saw 8 of its levels.
You also visited: Bailey.

You collected 392 gold pieces.
You spent 49 gold pieces at shops.

Inventory:

Hand Weapons
 a - a +0 war axe (weapon)
 t - a +4 dagger of venom
 M - the +4 trident of the Sun {freeze, +Rage}
   (You found it on level 7 of the Dungeon)

   It has been specially enchanted to freeze those struck by it, causing extra
   injury to most foes and up to half again as much damage against particularly
   susceptible opponents.
   It can also slow down cold-blooded creatures.
   It lets you go berserk.
Missiles
 d - 3 throwing nets {!f}
 f - 8 boomerangs (quivered)
 j - 292 stones
Armour
 b - a +0 leather armour
 c - a +0 hat (worn)
 k - a scarf of repulsion
 p - a +0 ring mail
 A - the +0 ring mail of Niuroq {-Cast Str+2 Dex+9}
   (You found it on level 4 of the Dungeon)

   It affects your strength (+2).
   It affects your dexterity (+9).
   It prevents spellcasting.
 B - a +0 scale mail (worn)
 E - a +0 kite shield (worn)
 G - +0 ice dragon scales
 H - a +0 cloak (worn)
 L - a +0 pair of boots (worn)
Jewellery
 h - a ring of willpower
 l - a +4 ring of evasion (right hand) {=R}
 D - a ring of poison resistance (left hand)
 J - a ring of willpower
 K - a ring of fire
Wands
 C - a wand of charming (9)
 F - a wand of iceblast (20)
Scrolls
 e - 2 scrolls of blinking {unknown}
 i - a scroll of enchant weapon {unknown}
 q - 7 scrolls of identify {unknown}
 u - a scroll of brand weapon {unknown}
 v - a scroll of noise {unknown}
 w - 2 scrolls of teleportation {unknown}
 y - a scroll of torment {unknown}
Potions
 g - a potion of flight {unknown}
 m - 2 potions of brilliance {unknown}
 n - 2 potions of degeneration {unknown}
 o - a potion of berserk rage {unknown}
 r - a potion of mutation {unknown}
 s - a potion of might {unknown}
 x - a potion of resistance {unknown}
 z - a potion of curing {unknown}
 I - a potion of ambrosia {unknown}


   Skills:
 + Level 6.7(11.7) Fighting
 * Level 9.7(14.7) Axes
 - Level 2.0(7.0) Throwing
 + Level 1.9(6.9) Armour
 - Level 3.2(8.2) Dodging
 + Level 4.3(9.3) Shields
 + Level 1.3 Invocations


You had 7 spell levels left.
You didn't know any spells.
Your spell library contained the following spells:

 Spells                   Type           Power      Damage    Failure   Level
 Beastly Appendage        Tmut           0%         N/A       95%         1
 Wereblood                Tmut           0%         N/A       98%         2
 Confusing Touch          Hex            0%         N/A       100%        3
 Gell's Gravitas          Tloc           0%         N/A       100%        3
 Spider Form              Tmut/Pois      0%         N/A       100%        3
 Ice Form                 Ice/Tmut       0%         N/A       100%        4
 Petrify                  Tmut/Erth      0%         N/A       100%        4
 Metabolic Englaciation   Hex/Ice        0%         N/A       100%        5
 Yara's Violent Unravell  Hex/Tmut       0%         3d3       100%        5


Dungeon Overview and Level Annotations

Branches:
Dungeon (7/15)             Temple (1/1) D:5          Bailey (1/1)

Altars:
Ashenzari
Cheibriados
Dithmenos
Elyvilon
Fedhas
Gozag
Hepliaklqana
Kikubaaqudgha
Makhleb
Nemelex Xobeh
Okawaru
Qazlal
Ru
Sif Muna
Trog
Uskayaw
Vehumet
Wu Jian
Xom
Yredelemnul
The Shining One

Shops:
D:5 [([:   D:7 (


Innate Abilities, Weirdness & Mutations

You have a pair of horns on your head.
You reflexively headbutt those who attack you in melee.


Message History

The orc hits you but does no damage.
You gain the combat prowess of a mighty hero.
You block the orc's attack. The orc hits you but does no damage.
The orc hits you from afar with a +0 trident.
The orc hits you but does no damage.
Things that are here:
a +0 halberd; a +0 ring mail; an orc corpse You barely miss the orc warrior.
You closely miss the orc. You block the orc warrior's attack.
The orc barely misses you. You block the orc's attack.
You slash the orc warrior! You headbutt the orc warrior.
The orc warrior is heavily wounded.
You hit the orc.
The orc cheers noisily.
You block the orc warrior's attack. The orc closely misses you.
The orc barely misses you.
You hit the orc warrior.
The orc warrior is heavily wounded.
You hit the orc but do no damage. The orc hits you but does no damage.
You block the orc warrior's attack. The orc closely misses you.
You block the orc's attack.
You miss the orc warrior.
The orc warrior is heavily wounded.
You hit the orc. The orc hits you with a +0 halberd.
* * * LOW HITPOINT WARNING * * *
The orc warrior hits you but does no damage.
You barely miss the orc warrior. You headbutt the orc warrior!
The orc warrior is almost dead.
You hit the orc.
You kill the orc!
Okawaru accepts your kill. The orc closely misses you.
The orc hits you but does no damage.
The orc warrior hits you with a +0 trident!
* * * LOW HITPOINT WARNING * * *
You closely miss the orc warrior.
The orc warrior is almost dead.
The orc hits you but does no damage. You block the orc's attack.
The orc warrior hits you with a +0 trident!
You die...

########### ### ##.........##
####∩#
##..≈≈≈≈≈≈≈..#######..∩##
##..≈≈...oo≈≈...##...####
#####..≈≈..###o)≈..##.########
......≈≈..## ##o@.##.........#
≈≈≈≈≈≈≈..## #######≈≈≈≈≈≈≈.#
...o....## #####..≈.#
######### #####.≈.# #...
$$.##.≈.# ##... ##..≈.# .##.##
##..≈≈.# ..#+# #..≈≈.∩# ..#
#..≈≈.##


You could see an orc warrior and 3 orcs.

Vanquished Creatures
  Prince Ribbit (D:6)
  Sigmund (D:6)
  A steam dragon (D:7)
  2 hornet zombies
  2 bullfrogs
  A howler monkey (D:5)
  A jelly (D:5)
  A centaur skeleton (D:6)
  2 hounds
  2 iguanas
  An orc wizard (D:5)
  A hound skeleton (D:4)
  3 gnolls
  2 howler monkey skeletons (D:5)
  6 adders
  2 worms (D:3)
  13 dart slugs
  18 orcs
  3 bats (D:1)
  9 endoplasms
  A giant cockroach (D:2)
  12 goblins
  17 hobgoblins
  10 jackals
  6 quokkas
  5 ball pythons
  3 frilled lizards
  5 kobolds
  4 rats
135 creatures vanquished.

Vanquished Creatures (collateral kills)
  2 gnolls (D:5)
2 creatures vanquished.

Grand Total: 137 creatures vanquished

Notes
Turn   | Place    | Note
-------+----------+-------------------------------------------
     0 | D:1      | urutzu the Minotaur Gladiator began the quest for the Orb.
     0 | D:1      | Reached XP level 1. HP: 18/18 MP: 0/0
    40 | D:1      | Reached skill level 4 in Axes
    73 | D:1      | Reached XP level 2. HP: 14/25 MP: 1/1
   668 | D:1      | Reached XP level 3. HP: 31/31 MP: 2/2
   673 | D:1      | Found a faded altar of an unknown god.
  1171 | D:2      | Reached skill level 5 in Axes
  2072 | D:3      | Reached XP level 4. HP: 34/38 MP: 3/3
  2520 | D:3      | Reached skill level 6 in Axes
  2700 | D:3      | Reached XP level 5. HP: 36/46 MP: 4/4
  3702 | D:4      | Identified the +0 ring mail of Niuroq {-Cast Str+2 Dex+9}
  3879 | D:5      | Entered Level 5 of the Dungeon
  4026 | D:5      | Reached skill level 7 in Axes
  4027 | D:5      | Reached XP level 6. HP: 31/53 MP: 5/5
  4292 | D:5      | Found Qussus's Book Shoppe.
  4314 | D:5      | Found Ryck's Armour Shop.
  4320 | D:5      | Bought a +0 kite shield for 49 gold pieces
  4462 | D:5      | Found Epoisk's Armour Boutique.
  4480 | D:5      | Reached skill level 5 in Fighting
  4480 | D:5      | Reached skill level 1 in Shields
  4516 | D:5      | Found a staircase to the Ecumenical Temple.
  4586 | Temple   | Entered the Ecumenical Temple
  4869 | Temple   | Became a worshipper of Warmaster Okawaru
  4965 | D:5      | Found Bipnijawku's Antique Weapon Shoppe.
  5611 | D:6      | Noticed Prince Ribbit
  5842 | D:6      | Reached skill level 8 in Axes
  5842 | D:6      | Reached XP level 7. HP: 58/61 MP: 6/6
  6142 | D:6      | Killed Prince Ribbit
  6142 | D:6      | Reached * piety under Okawaru
  6190 | D:6      | Noticed Sigmund
  6199 | D:6      | Killed Sigmund
  6200 | D:6      | Reached skill level 9 in Axes
  6200 | D:6      | Reached XP level 8. HP: 45/70 MP: 4/7
  6834 | D:7      | Found Umuaw's Antique Weapon Boutique.
  6916 | D:7      | Reached skill level 1 in Armour
  6972 | D:7      | Identified the +4 trident of the Sun {freeze, +Rage}
  7029 | D:7      | HP: 3/71 [steam dragon/ball of steam (8)]
  7030 | D:7      | HP: 1/71 [steam dragon] (2)]
  7032 | D:7      | Reached skill level 1 in Invocations
  7142 | D:7      | Found a flagged portal.
  7153 | Bailey   | Entered a bailey
  7531 | Bailey   | Slain by an orc warrior

Illustrated notes

Levels and vault maps discovered:
D:1:      pf_arrival_petrified_forest, layout_loops_ring,
          basic_ecumenical_altar, minmay_misc_feat_cross,
          hangedman_decor_riveting
D:2:      layout_loops_ring, minmay_octomino_c4
D:3:      layout_loops_ring, kennysheep_generic_room_12
D:4:      kennysheep_slugbush, layout_gridville
D:5:      layout_basic, lemuel_temple_firewalk_b, serial_shops,
          nicolae_shop_stone, nicolae_shop_behind_doors, nicolae_shop_stone,
          nicolae_shop_competitors_out_of_business
D:6:      layout_gridville, serial_co_window_serial, co_window_paths_a,
          co_window_of_opportunity_a, co_window_paths_a, co_window_paths_a,
          co_window_paths_a, co_window_paths_c, co_window_of_opportunity_b,
          co_window_of_opportunity_b, co_window_broadway_a, glass_columns_b,
          glass_columns_b, glass_columns_b, uniq_prince_ribbit1, uniq_sigmund
D:7:      layout_rooms, enter_bailey_4, nicolae_stop_n_shop_2,
          minmay_fractal_squares_gapless_5
Temple:   nicolae_temple_the_god_donut
Bailey:   bailey_polearm_1, bailey

Skill      XL: |  1  2  3  4  5  6  7  8 |
---------------+-------------------------+-----
Axes           | 4 5 6 7 8 9 |  9.7
Fighting       | 3 4 5 6 |  6.7
Shields        | 2 3 4 |  4.3
Armour         | 1 |  1.9
Invocations    | 1 |  1.3
Throwing       | |  2.0
Dodging        | |  3.2

Action                   |  1- 3 |  4- 6 |  7- 9 || total
-------------------------+-------+-------+-------++-------
Melee: War axe           |    86 |   162 |    59 ||   307
       Headbutt          |     7 |    39 |    10 ||    56
Invok: Heroism           |       |       |     4 ||     4
Evoke: Wand              |       |     1 |       ||     1
Armor: Leather armour    |    12 |       |       ||    12
       Ring mail         |     7 |    27 |       ||    34
       Scale mail        |       |    13 |    37 ||    50
Dodge: Dodged            |    66 |   109 |    48 ||   223
       Repelled          |       |     3 |       ||     3
Block: Kite shield       |       |    17 |    67 ||    84

Table legend: (Time is in decaauts)
 A = Elapsed time spent in this place.
 B = Non-inter-level travel time spent in this place.
 C = Inter-level travel time spent in this place.
 D = Time resting spent in this place.
 E = Time spent auto-exploring this place.
 F = Levels seen in this place.
 G = Mean time per level.
                   A        B        C        D        E       F      G
               +--------+--------+--------+--------+--------+-----+--------+
         Total |   7613 |   7239 |    374 |   1614 |   4376 |   9 |  845.9 |
       Dungeon |   6933 |   6603 |    330 |   1342 |   4108 |   7 |  990.4 |
        Temple |    302 |    258 |     44 |      0 |    256 |   1 |  302.0 |
        Bailey |    377 |    377 |      0 |    272 |     12 |   1 |  377.0 |
               +--------+--------+--------+--------+--------+-----+--------+

Top non-repeatable levels by time:
     D:6: 1479 daAuts
     D:5: 1209 daAuts
     D:2: 1084 daAuts
     D:3: 1005 daAuts
     D:1: 987 daAuts
     D:4: 856 daAuts
  Bailey: 377 daAuts
     D:7: 309 daAuts
  Temple: 302 daAuts
